 Dungeon Crawl Stone Soup version 0.30-a0-364-gf6b3ef1049 (webtiles) character file.

Game seed: 1180927205158945584

288394 Jackthecabe the Demonic Cataclysm (level 19, 0/146 HPs)
             Began as a Demonspawn Gladiator on Nov 9, 2022.
             Was a High Priest of Qazlal.
             Slain by a hell knight
             ... wielding a +5 glaive of pain
              (1 damage)
             ... while paralysed by a vampire knight
             ... on level 3 of the Vaults on Nov 15, 2022.
             The game lasted 03:04:58 (44218 turns).

Jackthecabe the Demonic Cataclysm (DsGl)           Turns: 44218, Time: 03:04:59

Health: 0/146      AC: 19    Str: 18    XL:     19   Next: 88%
Magic:  0/40       EV:  2    Int: 13    God:    Qazlal [*****.]
Gold:   644        SH:  0    Dex: 18    Spells: 9/30 levels left

rFire   . . .      SeeInvis +    f - +9 executioner's axe (freeze)
rCold   . . .      Faith    +    (shield currently unavailable)
rNeg    + . .      Spirit   +    c - +4 moon troll leather armour {Spirit, Regen++ MP+5}
rPois   .          Reflect  .    n - +0 mask of the Dragon {Will+ Slay+3 SInv}
rElec   +          Harm     .    Q - +2 cloak {rCorr}
rCorr   +          Rampage  .    y - +2 pair of gloves
Will    +....                    (boots unavailable)
Stlth   +.........               l - amulet of faith {!P}
HPRegen 2.04/turn                M - ring of Cuzyon {Wiz rElec rN+}
MPRegen 0.54/turn                E - +4 ring of evasion

@: paralysed, death channelling, weak-willed, protected from physical damage,
repel missiles
A: hooves 3, thin skeletal structure 1, foul stench 3, augmentation 1, magic
shield, magic regeneration, magic link
}: 2/15 runes: serpentine, barnacled
a: Renounce Religion, Upheaval, Elemental Force, Disaster Area


You were on level 3 of the Vaults.
You worshipped Qazlal.
Qazlal was extremely pleased with you.
You visited 6 branches of the dungeon, and saw 33 of its levels.
You also visited: Gauntlet.

You collected 4313 gold pieces.
You spent 3669 gold pieces at shops.


Innate Abilities, Weirdness & Mutations

You have hooves in place of feet.
You have a somewhat thin skeletal structure. (Dex +2, Stealth+)
You frequently emit foul miasma when damaged in melee.
Your magical and physical power is slightly enhanced at high health.
When hurt, damage is shared between your health and your magic reserves.
You regenerate magic rapidly.
When low on magic, you restore magic in place of health.


   Skills:
 - Level 12.0 Fighting
 - Level 18.0 Axes
 - Level 6.0 Staves
 - Level 1.8 Throwing
 - Level 10.0 Armour
 - Level 6.0 Dodging
 - Level 6.0 Spellcasting
 - Level 12.0 Necromancy
 - Level 5.0 Fire Magic
 - Level 8.0 Ice Magic
 - Level 2.0 Air Magic
 - Level 8.0 Poison Magic
 + Level 24.1 Invocations
 - Level 4.0 Evocations


You had 9 spell levels left.
You knew the following spells:

 Your Spells              Type           Power      Damage    Failure   Level
d - Death Channel         Necr           17%        N/A       9%          6
f - Frozen Ramparts       Ice            48%        1d8       1%          3
i - Swiftness             Air            9%         N/A       11%         3
o - Olgreb's Toxic Radia  Pois           24%        N/A       2%          4
p - Poisonous Vapours     Pois/Air       32%        N/A       1%          2
X - Ignite Poison         Fire/Tmut/Pois 15%        N/A       4%          3

Your spell library contained the following spells:

 Spells                   Type           Power      Damage    Failure   Level
 Freeze                   Ice            96%        1d10      1%          1
 Kiss of Death            Conj/Necr      76%        2d11      1%          1
 Necrotise                Necr           100%       1d9       1%          1
 Sting                    Tmut/Pois      56%        1d5       1%          1
 Cigotuvi's Dreadful Rot  Necr/Pois/Air  44%        N/A       1%          2
 Sublimation of Blood     Necr           35%        N/A       1%          2
 Animate Dead             Necr           35%        N/A       1%          4
 Dispel Undead            Necr           35%        3d15      1%          4
 Foxfire                  Conj/Fire      40%        2x1d6     2%          1
 Hailstorm                Conj/Ice       14%        3d5       4%          3
 Shock                    Conj/Air       24%        1d4       5%          1
 Apportation              Tloc           6%         N/A       8%          1
 Summon Small Mammal      Summ           12%        N/A       8%          1
 Kindle Blastsparks       Fire/Tloc/Air  18%        2d11      9%          3
 Blink                    Tloc           6%         N/A       12%         2
 Momentum Strike          Conj/Tloc      6%         3d8       12%         2
 Wereblood                Tmut           3%         N/A       12%         2
 Ice Form                 Ice/Tmut       14%        N/A       16%         4
 Summon Ice Beast         Ice/Summ       14%        N/A       16%         4
 Borgnjor's Vile Clutch   Necr/Erth      9%         N/A       17%         5
 Call Canine Familiar     Summ           3%         N/A       22%         3
 Confusing Touch          Hex            3%         N/A       22%         3
 Gell's Gravitas          Tloc           3%         N/A       22%         3
 Lesser Beckoning         Tloc           6%         N/A       22%         3
 Portal Projectile        Hex/Tloc       6%         N/A       22%         3
 Summon Guardian Golem    Hex/Summ       3%         N/A       22%         3
 Teleport Other           Tloc           3%         N/A       22%         3
 Tukima's Dance           Hex            3%         N/A       22%         3
 Airstrike                Air            4%         2d(1-17)  32%         4
 Alistair's Intoxication  Tmut/Pois      9%         N/A       38%         5
 Summon Lightning Spire   Summ/Air       6%         N/A       43%         4
 Freezing Cloud           Conj/Ice/Air   6%         6-21      45%         5
 Leda's Liquefaction      Hex/Erth       1%         N/A       56%         4
 Manifold Assault         Tloc           3%         N/A       56%         4
 Petrify                  Tmut/Erth      3%         N/A       56%         4
 Fireball                 Conj/Fire      5%         3d5       56%         5
 Lightning Bolt           Conj/Air       3%         1d14      77%         5
 Silence                  Hex/Air        3%         N/A       77%         5
 Blade Hands              Tmut           1%         N/A       88%         5
 Irradiate                Conj/Tmut      1%         3d12      88%         5
 Iskenderun's Battlesphe  Conj           3%         2d6       88%         5
 Lee's Rapid Deconstruct  Erth           1%         3d4*      88%         5
 Eringya's Noxious Bog    Tmut/Pois      7%         N/A       89%         6
 Infestation              Necr           17%        N/A       97%         8
 Starburst                Conj/Fire      5%         6d4       98%         6
 Haunt                    Necr/Summ      9%         N/A       99%         7
 Dispersal                Tloc           1%         N/A       100%        6
 Iron Shot                Conj/Erth      1%         9d1       100%        6
 Statue Form              Tmut/Erth      2%         N/A       100%        6
 Dragon Form              Tmut           1%         N/A       100%        7
 Spellforged Servitor     Conj/Summ      1%         N/A       100%        7
 Storm Form               Tmut/Air       3%         N/A       100%        7
 Summon Hydra             Summ           1%         N/A       100%        7
 Disjunction              Tloc           1%         N/A       100%        8

Inventory:

Hand Weapons
 f - a +9 executioner's axe of freezing (weapon)
Missiles
 b - 6 throwing nets {=f}
 L - 6 silver javelins
Armour
 c - the +4 moon troll leather armour (worn) {Spirit, Regen++ MP+5}
   (You bought it in a shop on level 4 of the Snake Pit)

   MP:        It affects your magic capacity (+5).
   Regen:     It increases your rate of health regeneration.
 n - the +0 mask of the Dragon (worn) {Will+ Slay+3 SInv}
   (You found it on level 8 of the Dungeon)

   Slay:      It affects your accuracy & damage with ranged weapons and melee
   (+3).
   SInv:      It lets you see invisible.
   Will:      It increases your willpower.
 y - a +2 pair of gloves (worn)
 Q - a +2 cloak of preservation (worn)
Jewellery
 l - an amulet of faith (around neck) {!P}
 E - a +4 ring of evasion (right hand)
 F - a ring of fire
 I - a +6 ring of intelligence
 J - the ring of Zaiwkutysa {Ice Fly rN+}
   (You found it on level 8 of the Dungeon)

   [ring of ice]

   It enhances your ice magic.
   rF:        It makes you vulnerable to fire.
   rC:        It protects you from cold.
   rN:        It protects you from negative energy.
   Fly:       It grants you flight.
 M - the ring of Cuzyon (left hand) {Wiz rElec rN+}
   (You bought it in a shop on level 2 of the Snake Pit)

   [ring of wizardry]

   It improves your spell success rate.
   rElec:     It insulates you from electricity.
   rN:        It protects you from negative energy.
 R - a ring of resist corrosion
 T - a +4 ring of protection
 Z - a ring of wizardry
Wands
 e - a wand of charming (26)
 o - a wand of acid (7)
 N - a wand of iceblast (21)
 O - a wand of flame (26)
 S - a wand of polymorph (10)
Scrolls
 a - 11 scrolls of teleportation {@r2}
 m - 8 scrolls of fog
 q - 4 scrolls of enchant armour
 u - 8 scrolls of immolation
 w - 5 scrolls of summoning
 z - 5 scrolls of poison
 D - 5 scrolls of vulnerability
 G - 3 scrolls of blinking
 P - 4 scrolls of fear
 X - 3 scrolls of magic mapping
Potions
 g - 5 potions of might
 i - 13 potions of curing {@q1}
 j - 4 potions of attraction
 p - 3 potions of invisibility
 r - 2 potions of berserk rage {!q}
 s - 12 potions of haste {@q3}
 t - 6 potions of flight
 x - 2 potions of ambrosia
 A - 3 potions of cancellation
 B - 6 potions of mutation
 H - 5 potions of brilliance
 K - 8 potions of lignification
 U - 2 potions of resistance
Miscellaneous
 d - a phial of floods
 h - a condenser vane
 k - a lightning rod (4/4)
 v - a phantom mirror
 W - a box of beasts
 Y - a tin of tremorstones (2/2)

Dungeon Overview and Level Annotations

Branches:
Dungeon (15/15)            Temple (0/1) D:5            Lair (5/5) D:9
 Shoals (4/4) Lair:2        Snake (4/4) Lair:2        Slime (0/5) Lair:4
    Orc (2/2) D:10            Elf (0/3) Orc:2        Vaults (3/5) D:13
 Depths (0/4) D:15        Gauntlet (visited)
  Crypt: Vaults:2-3

Altars:
Cheibriados
Dithmenos
Gozag
Kikubaaqudgha
Makhleb
Okawaru
Qazlal
Ru
Sif Muna
Uskayaw
Vehumet
Wu Jian
Xom
Jiyva

Shops:
D:4 !   Orc:2 (*[:*   Shoals:4 :   Snake:2 *!*=[   Snake:3 (   Snake:4 (*(*[
Vaults:1 ?

Portals:
Abyss: D:10

.... #..# #..#
#..# #..#####
#..#.p. #☼☼#.#
#..@V# #.Z#Wp#
#.§#p#W# #..#.#
.# #..#.. ..
#..### ## #..#
#..#
######..########


You could see a vampire knight (fast, ally target), 3 hell knights, a phantasmal
warrior, a freezing wraith and a friendly spectral hell knight.


Message History

The vampire knight hits you with a +0 battleaxe!!
* * * LOW HITPOINT WARNING * * *
You emit a cloud of foul miasma!
The vampire knight bites you but does no damage.
The hell knight hits you from afar with a +5 glaive of pain!!
* * * LOW HITPOINT WARNING * * *
You writhe in agony.
* * * LOW HITPOINT WARNING * * *
The phantasmal warrior hits you but does no damage.
The hell knight is engulfed in dark miasma.
The hell knight looks even sicker.
The hell knight hits you with a +4 broad axe!
* * * LOW HITPOINT WARNING * * *
The vampire knight points at you and mumbles some strange words.
You resist with some effort.
The hell knight hits you from afar with a +5 glaive of pain.
* * * LOW HITPOINT WARNING * * *
The vampire knight hits you with a +0 battleaxe.
* * * LOW HITPOINT WARNING * * *
You feel more protected from physical attacks.
The vampire knight bites you but does no damage.
The hell knight is engulfed in dark miasma.
The hell knight looks even sicker.
You kill the hell knight!
Qazlal accepts your kill.
A glowing mist starts to gather...
The hell knight hits you from afar with a +5 glaive of pain!
* * * LOW HITPOINT WARNING * * *
You writhe in agony.
You die...

Skill      XL: |  1  2  3  4  5  6  7  8  9 10 11 12 13 14 15 16 17 18 19 |
---------------+----------------------------------------------------------+-----
Staves         | 3 4 5 6 |  6.0
Poison Magic   | 2 3 6 8 |  8.0
Spellcasting   | 1 2 3 4 6 |  6.0
Invocations    | 5 9 11 14 18 20 22 24 | 24.1
Fighting       | 3 7 8 9 10 12 | 12.0
Ice Magic      | 4 6 8 |  8.0
Air Magic      | 2 |  2.0
Armour         | 8 10 | 10.0
Dodging        | 6 |  6.0
Fire Magic     | 5 |  5.0
Axes           | 6 12 16 17 18 | 18.0
Evocations     | 4 |  4.0
Necromancy     | 2 10 12 | 12.0
Throwing       | |  1.8

Action                   |  1- 3 |  4- 6 |  7- 9 | 10-12 | 13-15 | 16-18 | 19-21 || total
-------------------------+-------+-------+-------+-------+-------+-------+-------++-------
Melee: Quarterstaff      |    80 |   104 |       |       |       |       |       ||   184
       Kick              |     7 |    36 |    44 |    90 |   211 |   340 |   104 ||   832
       War axe           |       |     8 |   141 |   261 |   389 |       |       ||   799
       Punch             |       |       |     6 |     5 |     9 |       |       ||    20
       Executioner's axe |       |       |       |       |   146 |   882 |   222 ||  1250
Throw: Throwing net      |     1 |     3 |       |       |       |       |       ||     4
       Javelin           |       |       |     1 |     1 |       |       |       ||     2
 Cast: Poisonous Vapours |       |     4 |    50 |    42 |     4 |       |       ||   100
       Olgreb's Toxic Ra |       |       |     5 |    37 |   120 |     9 |       ||   171
       Frozen Ramparts   |       |       |       |    24 |    58 |    28 |     2 ||   112
       Swiftness         |       |       |       |     3 |       |       |       ||     3
       Ignite Poison     |       |       |       |       |    51 |     6 |       ||    57
       Death Channel     |       |       |       |       |       |       |     5 ||     5
Invok: Upheaval          |       |       |       |    17 |    22 |    45 |    16 ||   100
       Elemental Force   |       |       |       |       |     6 |     3 |     2 ||    11
Evoke: Wand              |       |       |       |       |     2 |    21 |       ||    23
  Use: Potion            |     2 |       |       |     8 |     6 |     4 |     1 ||    21
       Scroll            |       |       |       |    15 |    21 |     7 |       ||    43
 Stab: Sleeping          |     1 |     2 |       |       |       |       |       ||     3
       Paralysed         |       |       |       |     1 |     2 |     1 |     2 ||     6
       Petrified         |       |       |       |       |       |     2 |       ||     2
       Petrifying        |       |       |       |       |       |     1 |       ||     1
Armor: Leather armour    |    38 |    44 |    41 |       |       |       |       ||   123
       Steam dragon scal |       |       |    12 |    79 |       |       |       ||    91
       Ring mail         |       |       |       |    48 |   208 |    34 |       ||   290
       Chain mail        |       |       |       |       |       |   103 |       ||   103
       Troll leather arm |       |       |       |       |       |   161 |    82 ||   243
Dodge: Dodged            |    52 |    75 |   112 |   237 |   549 |   958 |   193 ||  2176
       Repelled          |       |       |       |       |     6 |    40 |     5 ||    51
Block: Other             |       |       |     3 |    58 |   192 |   400 |    99 ||   752

Levels and vault maps discovered:
D:1:      ebering_trefoil_3fold, layout_basic,
          dreamdust_ecumenical_altar_drowned_temple
D:2:      layout_loops_ring, kennysheep_crisscross
D:3:      layout_rooms, gammafunk_ghost_cemetery, kennysheep_small_spiral,
          kennysheep_generic_room_7
D:4:      layout_cave_pools, mainiacjoe_overflow_24_doors, serial_shops,
          nicolae_shop_advertising_works [nicolae_subvault_shop_adworks],
          minmay_ogre_servants
D:5:      layout_rooms, nicolae_uskayaw_en_pointe,
          minmay_temple_entry_enclosed_plants, ebering_ghost_gozag, uniq_grinder
D:6:      layout_layer_cave, minivault_19, uniq_maggie, uniq_edmund,
          uniq_crazy_yiuf_cottage, uniq_duvessa
D:7:      layout_cave_pools, makhleb_grotto_becter,
          nicolae_overflow_quartered_altars, uniq_menkaure
D:8:      layout_cave_pods, grunt_temple_overflow_magic_moments
D:9:      layout_small_grid, lemuel_tele_altar,
          nicolae_wu_jian_immortal_techniques, grunt_lair_entry_orc_guard_hut
D:10:     layout_small_grid, grunt_dithmenos_shadows,
          nicolae_ru_great_annihilating_truth, gammafunk_ghost_abyssal_escape,
          uniq_snorg, uniq_harold, uniq_erolcha
D:11:     layout_basic
D:12:     layout_gridville, laboratory, uniq_azrael, uniq_gastronok
D:13:     layout_basic, david_vaults_4, evilmike_butchery, uniq_jorgrun
D:14:     layout_cave_pools, elyvilon_altar_1, kennysheep_generic_room_2
D:15:     gammafunk_depths_entry_grave, layout_stronghold, chequers_mini_garden,
          uniq_louise
Lair:1:   layout_regular_city, chequers_serial_rivers_micro_b,
          hellmonk_guarded_unrand_seven_league_boots, wad_woods_river_01
Lair:2:   layout_gridlike, shoals_dummy_entry, guppyfry_snake_entry_garden,
          columned_hall_lemuel
Lair:3:   layout_gridlike, uniq_nergalle
Lair:4:   cheibrodos_lair_overgrown_chateau, layout_regular_city,
          nicolae_slime_entry_slimehenge, gauntlet_entry_generic,
          minmay_lindwurm_lava, uniq_josephine
Lair:5:   minmay_lair_end_frog_pond, layout_big_grid, serial_forest,
          infiniplex_forest_lined_ring, infiniplex_forest_clump_cross,
          infiniplex_forest_clump_large, infiniplex_forest_lined_room_2,
          infiniplex_forest_straight_2, infiniplex_forest_pool,
          nicolae_quartered_pool_little, grunt_forest_stairs_basic,
          nzn_masters_of_martial_movement
Shoals:1: layout_shoals, nicolae_shoals_hidden_pirate_stash, uniq_mlioglotl
Shoals:2: layout_shoals, nicolae_shoals_lost_giant_pillars, uniq_polyphemus
Shoals:3: layout_shoals
Shoals:4: shoals_end_grunt_garden, layout_shoals, shoal_ilsuiw, serial_shops,
          nicolae_square_shop
Snake:1:  layout_onion, basic_altar, grunt_megastairs_1
Snake:2:  layout_basic, serial_shops, nicolae_shop_waterfront, shop,
          nicolae_shop_hallway_stairs, nicolae_shop_trees, nicolae_diamond_shop,
          hangedman_snake_corridor_cut
Snake:3:  layout_rooms, portal_ice_cave_entry_pillars_2,
          nicolae_shop_firing_range, uniq_roxanne, uniq_aizul
Snake:4:  grunt_snake_rune_spirals, layout_onion, serial_shops, shop,
          nicolae_shop_temple_entry_statues_fountains,
          nicolae_shop_hallway_stairs, shop, nicolae_shop_behind_doors,
          drop_trap, st_stairs_5
Orc:1:    layout_caves, basic_altar
Orc:2:    grunt_orc_cross, layout_diamond_mine, nicolae_shop_gadgets,
          uniq_donald, uniq_saint_roka, uniq_urug
Vaults:1: vaults_mumra_lcd, nicolae_vaults_meeting,
          nicolae_vaults_network_periphery, v_misc_11, grunt_vaults_swirl,
          nicolae_vaults_windows_and_doors_thing, vaults_mumra_hex, v_misc_25,
          vaults_dpeg_ring, vaults_dpeg_cross, layout_vaults_omnicross,
          serial_shops, shop
Vaults:2: nicolae_vaults_network_quincunx
          [nicolae_vaults_network_quincunx_subvault,
          nicolae_vaults_network_quincunx_subvault,
          nicolae_vaults_network_quincunx_subvault,
          nicolae_vaults_network_quincunx_subvault,
          nicolae_vaults_network_quincunx_subvault], nicolae_vaults_big_ls,
          v_misc_19, ontoclasm_vaults_ring_small, nicolae_vaults_theta,
          v_misc_31, layout_vaults_chaotic_city
Vaults:3: vaults_room_stairs_pillars, minmay_crypt_entry_simple_box,
          vaults_room_stairs_pillars, nicolae_vaults_theta, vaults_room_corners,
          v_misc_3, vaults_room_pools, ontoclasm_vaults_misaligned,
          ontoclasm_vaults_loading_screen, dpeg_vaults_monster_box,
          layout_vaults_quadrants, uniq_margery, uniq_sojobo, uniq_bai_suzhen

Notes
Turn   | Place    | Note
-------+----------+-------------------------------------------
     0 | D:1      | Jackthecabe the Demonspawn Gladiator began the quest for
                  | the Orb.
     0 | D:1      | Reached XP level 1. HP: 16/16 MP: 1/1
    66 | D:1      | Upgraded the game from 0.30-a0-358-g0d69a1922f to
                  | 0.30-a0-360-g447f08457e
    97 | D:1      | HP: 1/16 [gnoll/+0 spear (8)]
   255 | D:2      | Reached skill level 3 in Staves
   469 | D:1      | Gained mutation: You may rarely emit foul miasma when
                  | damaged in melee. [demonic ancestry]
   469 | D:1      | Reached XP level 2. HP: 22/22 MP: 2/2
   619 | D:1      | Found a faded altar of an unknown god.
   944 | D:2      | Gained mutation: You have large cloven feet. [demonic
                  | ancestry]
   944 | D:2      | Reached XP level 3. HP: 26/27 MP: 3/3
   983 | D:2      | Reached skill level 4 in Staves
  1028 | D:2      | Gained mutation: You have a somewhat thin skeletal
                  | structure. (Dex +2, Stealth+) [demonic ancestry]
  1028 | D:2      | Reached XP level 4. HP: 28/33 MP: 4/4
  1449 | D:3      | Reached skill level 5 in Staves
  1810 | D:3      | Found a runed translucent gate.
  1810 | D:3      | Found a runed translucent gate.
  1810 | D:3      | Noticed tinescath's ghost (amateur OpTm)
  1844 | D:4      | Found Difom's Distillery.
  1855 | D:4      | Gained mutation: You sometimes emit foul miasma when
                  | damaged in melee. [demonic ancestry]
  1855 | D:4      | Reached XP level 5. HP: 24/38 MP: 5/5
  1978 | D:4      | Learned a level 4 spell: Olgreb's Toxic Radiance
  1989 | D:4      | Identified the +2 flail of Awaenuse {drain, rPois rN+++
                  | Will- Int+3}
  2210 | D:4      | Noticed an ogre
  2286 | D:4      | Reached skill level 1 in Poison Magic
  2346 | D:4      | Found a stormy altar of Qazlal.
  2366 | D:4      | Became a worshipper of Qazlal Stormbringer
  2601 | D:5      | Entered Level 5 of the Dungeon
  2638 | D:5      | Noticed a +0 spear
  2638 | D:5      | Noticed a +0 short sword
  2642 | D:5      | Noticed a +0 falchion
  2655 | D:5      | Noticed Grinder
  2756 | D:5      | Noticed a phantom
  2825 | D:5      | Found a hide-covered altar of Uskayaw.
  2825 | D:5      | Noticed a +0 spear
  2825 | D:5      | Noticed a +0 short sword
  2826 | D:5      | Noticed a +0 falchion
  2828 | D:5      | Noticed a +0 dagger
  2841 | D:5      | Reached skill level 1 in Spellcasting
  2841 | D:5      | Reached skill level 2 in Poison Magic
  2841 | D:5      | Gained mutation: You have hoof-like feet. [demonic
                  | ancestry]
  2841 | D:5      | Reached XP level 6. HP: 20/44 MP: 5/7
  2979 | D:5      | Noticed a +0 dagger
  2980 | D:5      | Reached skill level 6 in Staves
  2997 | D:5      | Identified the +4 war axe of World's End {elec, Str-4 Int+4
                  | Dex+4}
  3088 | D:5      | Found a runed translucent gate.
  3089 | D:5      | Found a runed translucent gate.
  3089 | D:5      | Found an opulent altar of Gozag.
  3090 | D:5      | Found a runed translucent gate.
  3091 | D:5      | Noticed pokeman's ghost (novice DEHW)
  3093 | D:5      | Noticed an ice beast
  3114 | D:5      | Noticed a komodo dragon
  3299 | D:5      | Learned a level 2 spell: Poisonous Vapours
  3306 | D:5      | Reached skill level 2 in Spellcasting
  3306 | D:5      | Reached skill level 3 in Poison Magic
  3331 | D:5      | Gained mutation: You frequently emit foul miasma when
                  | damaged in melee. [demonic ancestry]
  3331 | D:5      | Reached XP level 7. HP: 50/50 MP: 3/10
  3472 | D:5      | Found a staircase to the Ecumenical Temple.
  3672 | D:6      | Reached skill level 4 in Poison Magic
  3789 | D:6      | Noticed Dowan
  3811 | D:6      | Found a runed translucent door.
  3812 | D:6      | Noticed Crazy Yiuf
  3891 | D:6      | Reached skill level 5 in Poison Magic
  3969 | D:6      | Noticed Edmund
  4063 | D:6      | Noticed Maggie
  4084 | D:6      | Killed Edmund
  4085 | D:6      | Reached skill level 6 in Poison Magic
  4112 | D:6      | Killed Maggie
  4113 | D:6      | Reached skill level 5 in Invocations
  4113 | D:6      | Reached XP level 8. HP: 32/56 MP: 3/11
  4385 | D:6      | Reached skill level 6 in Invocations
  4667 | D:6      | Noticed Duvessa
  4922 | D:6      | Reached skill level 7 in Invocations
  5226 | D:5      | Reached skill level 8 in Invocations
  5324 | D:6      | Killed Duvessa
  5356 | D:6      | Killed Dowan
  5445 | D:6      | Reached skill level 3 in Fighting
  5826 | D:7      | Noticed Menkaure
  5876 | D:7      | Reached * piety under Qazlal
  5887 | D:7      | Reached skill level 9 in Invocations
  5972 | D:7      | Gained mutation: You have hooves in place of feet. [demonic
                  | ancestry]
  5972 | D:7      | Reached XP level 9. HP: 61/65 MP: 15/15
  5985 | D:7      | Reached skill level 4 in Fighting
  6080 | D:7      | Found a shimmering altar of Xom.
  6153 | D:7      | Found an iron altar of Okawaru.
  6254 | D:7      | Killed Menkaure
  6255 | D:7      | Reached skill level 5 in Fighting
  6255 | D:7      | Reached skill level 10 in Invocations
  6566 | D:7      | Found a burning altar of Makhleb.
  6982 | D:8      | Found a radiant altar of Vehumet.
  6987 | D:8      | Reached skill level 6 in Fighting
  6987 | D:8      | Identified the ring of Zaiwkutysa {Ice Fly rN+}
  6991 | D:8      | Found an ancient bone altar of Kikubaaqudgha.
  6992 | D:8      | Found a shimmering blue altar of Sif Muna.
  7001 | D:8      | Got Kikubaaqudgha's Quarto of the Hills
  7208 | D:8      | Reached skill level 11 in Invocations
  7355 | D:8      | Reached skill level 7 in Fighting
  7547 | D:8      | Reached XP level 10. HP: 67/79 MP: 10/18
  7954 | D:8      | Reached ** piety under Qazlal
  7955 | D:8      | Reached skill level 12 in Invocations
  7987 | D:8      | HP: 4/79 [yak (6)]
  8342 | D:8      | Found the +0 mask of the Dragon {Will+ Slay+3 SInv}
  8460 | D:8      | Learned a level 3 spell: Frozen Ramparts
  8464 | D:8      | Learned a level 3 spell: Swiftness
  8554 | D:9      | Reached skill level 1 in Ice Magic
  8554 | D:9      | Reached skill level 1 in Air Magic
  8968 | D:9      | Reached skill level 8 in Fighting
  9064 | D:9      | Found a staircase to the Lair.
  9190 | D:9      | Found a snail-covered altar of Cheibriados.
  9344 | D:9      | Reached skill level 2 in Ice Magic
  9344 | D:9      | Reached skill level 2 in Air Magic
  9548 | D:9      | Found an ornate altar of the Wu Jian Council.
  9553 | D:9      | Reached skill level 13 in Invocations
  9701 | D:10     | Entered Level 10 of the Dungeon
  9745 | D:10     | Noticed Snorg
  9756 | D:10     | Killed Snorg
  9757 | D:10     | Reached skill level 3 in Ice Magic
  9814 | D:10     | Noticed Harold
  9864 | D:9      | HP: 6/80 [Harold/+0 dire flail (19)]
  9866 | D:9      | Killed Harold
  9867 | D:9      | Reached skill level 4 in Ice Magic
  9867 | D:9      | Reached skill level 14 in Invocations
 10075 | D:10     | Gained mutation: You regenerate magic rapidly. [demonic
                  | ancestry]
 10075 | D:10     | Reached XP level 11. HP: 56/86 MP: 10/21
 10186 | D:10     | Reached *** piety under Qazlal
 10289 | D:10     | Found a transporter.
 10290 | D:10     | Noticed a rakshasa
 10329 | D:10     | Found a transporter.
 10351 | D:10     | Noticed liarliar's ghost (novice DjVM)
 10398 | D:10     | Found a shadowy altar of Dithmenos.
 10471 | D:10     | Noticed Erolcha
 10651 | D:10     | Found a staircase to the Orcish Mines.
 10673 | D:10     | Killed Erolcha
 10674 | D:10     | Reached skill level 15 in Invocations
 10713 | D:10     | Found a sacrificial altar of Ru.
 10755 | D:10     | Found a one-way gate to the infinite horrors of the Abyss.
 12185 | D:11     | Reached skill level 16 in Invocations
 12475 | Lair:1   | Entered Level 1 of the Lair of Beasts
 12607 | Lair:1   | Reached skill level 17 in Invocations
 12702 | Lair:1   | Identified the +3 ring mail "Guanof" {Stlth+}
 12948 | Lair:1   | Reached skill level 18 in Invocations
 13273 | Lair:1   | Gained mutation: When hurt, damage is shared between your
                  | health and your magic reserves. [demonic ancestry]
 13273 | Lair:1   | Reached XP level 12. HP: 54/92 MP: 19/25
 13319 | Lair:1   | Reached skill level 5 in Ice Magic
 13446 | Lair:1   | Reached skill level 7 in Poison Magic
 13596 | Lair:1   | Noticed a catoblepas
 13600 | Lair:1   | Noticed a boulder beetle
 13600 | Lair:1   | Killed a catoblepas
 13607 | Lair:1   | Killed a boulder beetle
 13608 | Lair:1   | Reached skill level 6 in Ice Magic
 13922 | Lair:1   | Found the +3 pair of seven-league boots {Rampage+∞}
 14252 | Lair:2   | Reached skill level 8 in Poison Magic
 14254 | Lair:2   | Reached skill level 1 in Armour
 14261 | Lair:1   | Reached skill level 2 in Armour
 14528 | Lair:2   | Reached skill level 3 in Armour
 14596 | Lair:2   | Found a staircase to the Snake Pit.
 14773 | Lair:2   | Reached skill level 4 in Armour
 14822 | Lair:2   | Found a staircase to the Shoals.
 14845 | Lair:2   | Reached skill level 5 in Armour
 15178 | Lair:2   | Noticed a four-headed hydra
 15180 | Lair:2   | Killed a four-headed hydra
 15377 | Lair:2   | Reached skill level 6 in Armour
 15667 | Lair:3   | Noticed an eight-headed hydra
 15669 | Lair:3   | Killed an eight-headed hydra
 15672 | Lair:3   | Reached skill level 7 in Armour
 15778 | Lair:3   | Noticed Nergalle
 15780 | Lair:3   | Killed Nergalle
 15783 | Lair:3   | Noticed a death yak
 15785 | Lair:3   | Noticed a death yak
 15786 | Lair:3   | Noticed a death yak
 15786 | Lair:3   | Noticed a death yak
 15787 | Lair:3   | Noticed a death yak
 15794 | Lair:3   | Noticed a death yak
 15803 | Lair:3   | Killed a death yak
 15805 | Lair:3   | Killed a death yak
 15808 | Lair:3   | Killed a death yak
 15809 | Lair:3   | Reached skill level 8 in Armour
 15812 | Lair:3   | Noticed a death yak
 15813 | Lair:3   | Noticed a death yak
 15813 | Lair:3   | Noticed a death yak
 15813 | Lair:3   | Noticed a death yak
 15813 | Lair:3   | Noticed a death yak
 15813 | Lair:3   | Noticed a death yak
 15940 | Lair:3   | Reached XP level 13. HP: 88/98 MP: 21/26
 16086 | Lair:3   | Reached skill level 9 in Armour
 16090 | Lair:3   | HP: 8/98 [death yak (15)]
 16837 | Lair:4   | Found a gate leading to a gauntlet.
 16844 | Gauntlet | Entered a Gauntlet
 16844 | Gauntlet | Found a transporter.
 16844 | Gauntlet | Found a transporter.
 16844 | Gauntlet | Found a transporter.
 16845 | Gauntlet | Found a transporter.
 16846 | Gauntlet | Found a transporter.
 16849 | Gauntlet | Found a transporter.
 16855 | Gauntlet | Found a transporter.
 16858 | Gauntlet | Found a transporter.
 16858 | Gauntlet | Found a transporter.
 16860 | Gauntlet | Found a transporter.
 16868 | Gauntlet | Found a transporter.
 16879 | Gauntlet | Found a transporter.
 17027 | Gauntlet | Reached skill level 10 in Armour
 17027 | Gauntlet | Reached skill level 3 in Dodging
 17255 | Gauntlet | Reached skill level 4 in Dodging
 17758 | Gauntlet | Identified the +3 chain mail of the Onion {rElec rPois
                  | Dex+2}
 17758 | Gauntlet | Noticed a minotaur
 17764 | Gauntlet | Killed a minotaur
 17765 | Gauntlet | Reached skill level 5 in Dodging
 17775 | Gauntlet | Identified the +2 robe of Generosity {-Cast rElec rPois
                  | Regen+}
 17987 | Lair:4   | Noticed Josephine
 17992 | Lair:4   | Found a viscous altar of Jiyva.
 17992 | Lair:4   | Found a staircase to the Slime Pits.
 18092 | Lair:4   | Learned a level 3 spell: Ignite Poison
 18155 | Lair:4   | Reached skill level 1 in Fire Magic
 18328 | Lair:4   | Killed Josephine
 18479 | Lair:4   | Reached skill level 6 in Dodging
 18479 | Lair:4   | Reached skill level 2 in Fire Magic
 18485 | Lair:4   | Reached skill level 3 in Fire Magic
 18684 | Lair:4   | Identified the +8 chain mail "Cetisuq" {Str+3}
 18742 | Lair:4   | Reached skill level 4 in Fire Magic
 19023 | Lair:4   | Reached skill level 5 in Fire Magic
 19480 | Lair:4   | Reached skill level 3 in Spellcasting
 19758 | Lair:4   | Identified a scroll of acquirement
 19807 | Lair:5   | Entered Level 5 of the Lair of Beasts
 19858 | Lair:4   | Reached XP level 14. HP: 105/105 MP: 15/27
 19892 | Lair:5   | Reached **** piety under Qazlal
 19948 | Lair:5   | Reached skill level 19 in Invocations
 20045 | Lair:5   | HP: 9/105 [cane toad (12)]
 20512 | Lair:5   | Reached skill level 20 in Invocations
 20514 | Lair:5   | Reached skill level 1 in Axes
 20535 | Lair:5   | Reached ***** piety under Qazlal
 20545 | Lair:5   | Reached skill level 2 in Axes
 20616 | Lair:5   | Reached skill level 3 in Axes
 20695 | Lair:5   | Identified the +0 pair of boots of the Mind {Int+4 Dex+3}
 20804 | Lair:5   | Reached skill level 4 in Axes
 21150 | Lair:5   | Reached skill level 5 in Axes
 21192 | Lair:5   | Found a hide-covered altar of Uskayaw.
 21194 | Lair:5   | Found an ornate altar of the Wu Jian Council.
 21879 | Lair:3   | Reached skill level 6 in Axes
 21879 | Lair:3   | Reached skill level 1 in Evocations
 22081 | Orc:1    | Entered Level 1 of the Orcish Mines
 22282 | Orc:2    | Entered Level 2 of the Orcish Mines
 22357 | Orc:2    | Identified a +0 crystal plate armour
 22357 | Orc:2    | Noticed Donald
 22363 | Orc:2    | Killed Donald
 22364 | Orc:2    | Reached skill level 2 in Evocations
 22365 | Orc:2    | Reached skill level 3 in Evocations
 22437 | Orc:2    | Found a staircase to the Elven Halls.
 22576 | Orc:2    | Noticed Saint Roka
 22584 | Orc:2    | Killed Saint Roka
 22585 | Orc:2    | Reached skill level 4 in Evocations
 22826 | Orc:2    | Paralysed by an orc sorcerer for 4 turns
 22832 | Orc:2    | Reached skill level 9 in Fighting
 22874 | Orc:2    | Noticed Urug
 22881 | Orc:2    | Killed Urug
 23014 | Orc:2    | Noticed Blork the orc
 23022 | Orc:2    | Killed Blork the orc
 23167 | Orc:2    | Noticed an orc warlord
 23177 | Orc:2    | Killed an orc warlord
 23229 | Orc:2    | Reached XP level 15. HP: 115/115 MP: 19/29
 23239 | Orc:2    | Reached skill level 10 in Fighting
 23286 | Orc:2    | Found Deuhid's Antique Weapon Shop.
 23453 | Orc:2    | Found Appaopro's Gadget Gallery.
 23505 | Orc:2    | Found Offoib's Book Shop.
 23611 | Orc:2    | Found Lummawaa's General Store.
 23625 | Orc:2    | Found Xuihe's Antique Armour Shop.
 23633 | Orc:2    | Bought a glowing scarf for 192 gold pieces
 24133 | Orc:1    | Found a radiant altar of Vehumet.
 24254 | D:12     | Noticed Azrael
 24355 | D:11     | Killed Azrael
 24524 | D:11     | Reached skill level 7 in Axes
 24722 | D:12     | Noticed Gastronok
 24729 | D:12     | Killed Gastronok
 24842 | D:12     | Reached skill level 8 in Axes
 25020 | D:12     | Acquired a +4 executioner's axe of freezing
 25188 | D:12     | Identified the +11 falchion of the Chickpea {elec, rC+}
 25721 | D:13     | Reached skill level 9 in Axes
 26041 | D:13     | Noticed Jorgrun
 26045 | D:13     | Killed Jorgrun
 26050 | D:13     | Reached skill level 10 in Axes
 26101 | D:13     | Found a gate to the Vaults.
 26836 | D:14     | Reached skill level 11 in Axes
 26911 | D:14     | Reached ****** piety under Qazlal
 27175 | D:15     | Entered Level 15 of the Dungeon
 27533 | D:15     | HP: 10/115 [fire dragon/blast of flame (31)]
 27817 | D:15     | Noticed Louise
 27897 | D:15     | Found a staircase to the Depths.
 27901 | D:15     | Reached skill level 12 in Axes
 28168 | D:14     | Gained mutation: Your magical and physical power is
                  | slightly enhanced at high health. [demonic ancestry]
 28168 | D:14     | Reached XP level 16. HP: 87/122 MP: 26/30
 28382 | D:15     | HP: 9/122 [tengu warrior/+0 great sword (4)]
 28708 | D:15     | Killed Louise
 28925 | D:15     | Reached skill level 13 in Axes
 30025 | D:5      | Killed Grinder
 30062 | D:5      | Killed pokeman's ghost
 30240 | D:6      | Killed Crazy Yiuf
 30400 | D:3      | Noticed gamesnag's ghost (weakling MiBe)
 30400 | D:3      | Noticed Lobster4's ghost (amateur HuHu)
 30401 | D:3      | Noticed LnG's ghost (novice KoSu)
 30402 | D:3      | Found a runed translucent gate.
 30402 | D:3      | Noticed kd29's ghost (weakling DgTm)
 30510 | D:3      | Killed tinescath's ghost
 30513 | D:3      | Killed LnG's ghost
 30514 | D:3      | Killed Lobster4's ghost
 30515 | D:3      | Killed gamesnag's ghost
 30517 | D:3      | Killed kd29's ghost
 30529 | D:3      | Acquired 642 gold pieces
 30780 | D:10     | Killed liarliar's ghost
 31484 | Snake:1  | Entered Level 1 of the Snake Pit
 31487 | Snake:1  | Upgraded the game from 0.30-a0-360-g447f08457e to
                  | 0.30-a0-364-gf6b3ef1049
 31802 | Snake:1  | Found a stormy altar of Qazlal.
 31812 | Snake:1  | Reached skill level 14 in Axes
 32851 | Snake:2  | Found Zycsack's General Store.
 32870 | Snake:2  | Reached skill level 15 in Axes
 32926 | Snake:2  | Bought a scroll of blinking for 142 gold pieces
 33082 | Snake:2  | Found Xoappev's Distillery.
 33116 | Snake:2  | Bought 2 potions of invisibility for 240 gold pieces
 33360 | Snake:2  | Found Udaugene's Jewellery Shoppe.
 33381 | Snake:2  | Found Yrocw's Antique Armour Boutique.
 33542 | Snake:2  | Found Nulo's General Store.
 33609 | Snake:2  | Bought a twisted scale mail for 333 gold pieces
 33609 | Snake:2  | Identified the +4 scale mail "Nemoti" {Rampage Fly rF+}
                  | (You bought it in a shop on level 2 of the Snake Pit)
 33609 | Snake:2  | Bought a glowing cloak for 277 gold pieces
 33640 | Snake:2  | Bought the ring of Cuzyon {Wiz rElec rN+} for 867 gold
                  | pieces
 34015 | Snake:3  | Reached skill level 16 in Axes
 34143 | Snake:3  | Found a frozen archway.
 34165 | Snake:3  | Reached skill level 4 in Spellcasting
 34165 | Snake:3  | Gained mutation: When low on magic, you restore magic in
                  | place of health. [demonic ancestry]
 34165 | Snake:3  | Reached XP level 17. HP: 102/128 MP: 25/31
 34496 | Snake:3  | Noticed Aizul
 34502 | Snake:3  | Killed Aizul
 34612 | Snake:3  | Noticed Roxanne
 34621 | Snake:3  | Killed Roxanne
 34667 | Snake:3  | Reached skill level 7 in Ice Magic
 34836 | Snake:3  | Identified the +10 short sword "Hydraslayer" {vorpal, Drain
                  | Will+ Int+4 Stlth+}
 34895 | Snake:3  | Found Jaaciza's Firing Range.
 34941 | Snake:4  | Entered Level 4 of the Snake Pit
 35283 | Snake:4  | Found Kucaqit's Weapon Emporium.
 35286 | Snake:4  | Found Cuxtais's General Store.
 35483 | Snake:4  | Reached skill level 8 in Ice Magic
 35712 | Snake:4  | Found Uptigral's Armour Emporium.
 35718 | Snake:4  | Bought the +4 moon troll leather armour {Spirit, Regen++
                  | MP+5} for 1090 gold pieces
 35718 | Snake:4  | Found the +4 moon troll leather armour {Spirit, Regen++
                  | MP+5}
 35798 | Snake:4  | Found Areled's General Store.
 36257 | Snake:4  | Reached skill level 11 in Fighting
 36523 | Snake:4  | Reached skill level 12 in Fighting
 36652 | Snake:4  | Found Fosulel's Antique Weapon Boutique.
 36947 | Snake:4  | Reached skill level 21 in Invocations
 37009 | Snake:4  | Got a serpentine rune of Zot
 37306 | Shoals:1 | Entered Level 1 of the Shoals
 37550 | Shoals:1 | Noticed Mlioglotl
 37561 | Shoals:1 | Killed Mlioglotl
 38118 | Shoals:2 | Reached skill level 22 in Invocations
 38167 | Shoals:1 | Learned a level 6 spell: Death Channel
 38180 | Shoals:2 | Reached skill level 1 in Necromancy
 38333 | Shoals:2 | Noticed Polyphemus
 38338 | Shoals:2 | Killed Polyphemus
 38339 | Shoals:2 | Reached skill level 2 in Necromancy
 38351 | Shoals:2 | Reached XP level 18. HP: 102/140 MP: 22/33
 38353 | Shoals:2 | Reached skill level 3 in Necromancy
 38740 | Shoals:2 | Reached skill level 4 in Necromancy
 39095 | Shoals:3 | Reached skill level 5 in Necromancy
 39523 | Shoals:4 | Entered Level 4 of the Shoals
 39548 | Shoals:4 | Reached skill level 6 in Necromancy
 39850 | Shoals:4 | Noticed Ilsuiw
 39904 | Shoals:4 | Killed Ilsuiw
 39905 | Shoals:4 | Reached skill level 7 in Necromancy
 39975 | Shoals:4 | Reached skill level 17 in Axes
 40269 | Shoals:4 | Reached skill level 8 in Necromancy
 40436 | Shoals:4 | Found Ewkitz's Book Shoppe.
 40580 | Shoals:4 | Got Tiggo's Volume of Fog
 40727 | Shoals:4 | Got a barnacled rune of Zot
 40809 | Shoals:4 | Bought a book of Death for 528 gold pieces
 41018 | Vaults:1 | Entered Level 1 of the Vaults
 41388 | Vaults:1 | Reached skill level 9 in Necromancy
 41428 | Vaults:1 | Found Egaprot's Magic Scroll Boutique.
 41824 | Vaults:1 | Reached skill level 10 in Necromancy
 41827 | Vaults:1 | HP: 5/140 [vault guard/+0 broad axe (12)]
 41915 | Vaults:1 | Reached XP level 19. HP: 102/146 MP: 28/34
 42102 | Vaults:1 | Reached skill level 18 in Axes
 42115 | Vaults:1 | Reached skill level 11 in Necromancy
 42294 | Vaults:1 | Reached skill level 12 in Necromancy
 42789 | Vaults:2 | Reached skill level 23 in Invocations
 42802 | Vaults:2 | HP: 8/146 [vault warden/+0 antimagic long sword (20)]
 43009 | Vaults:2 | Reached skill level 5 in Spellcasting
 44058 | Vaults:3 | Noticed Sojobo
 44060 | Vaults:3 | Reached skill level 24 in Invocations
 44067 | Vaults:2 | Killed Sojobo
 44095 | Vaults:2 | Reached skill level 6 in Spellcasting
 44215 | Vaults:3 | Paralysed by a vampire knight for 5 turns
 44217 | Vaults:3 | HP: 12/146 [hell knight/+4 broad axe (13)]
 44218 | Vaults:3 | HP: 5/146 [vampire knight/+0 battleaxe (4)]
 44218 | Vaults:3 | HP: 1/146 [hell knight/+5 glaive of pain (4)]
 44218 | Vaults:3 | Slain by a hell knight

Vanquished Creatures
  Sojobo (Vaults:2)
  Saint Roka (Orc:2)
  Jorgrun (D:13)
  Mlioglotl (Shoals:1)
  A kraken (Shoals:3)
  Polyphemus (Shoals:2)
  2 sphinxes (Vaults:2)
  2 tengu reavers (Vaults:3)
  Ilsuiw (Shoals:4)
  Donald (Orc:2)
  Roxanne (Snake:3)
  13 nagarajas (Snake:4)
  5 vault wardens
  An orc warlord (Orc:2)
  A caustic shrike zombie (D:15)
  Aizul (Snake:3)
  Louise (D:15)
  10 ironbound preservers
  A stone giant (Vaults:2)
  3 ironbound thunderhulks
  A very ugly thing (Vaults:1)
  A dire elephant (Vaults:1)
  A minotaur (Gauntlet)
  Azrael (D:11)
  An ettin (Vaults:2)
  A crystal guardian (Vaults:2)
  Snorg (D:10)
  6 merfolk javelineers
  5 merfolk impalers
  Josephine (Lair:4)
  2 fire dragons
  3 entropy weavers
  2 great orbs of eyes
  6 yaktaur captains
  3 ironbound frosthearts
  5 vault guards (Vaults:1)
  4 hydras
  A peacekeeper (Vaults:3)
  A rakshasa (D:10)
  2 merfolk avatars
  3 salamander tyrants (Snake:4)
  Harold (D:9)
  Erolcha (D:10)
  A death knight (D:15)
  5 boulder beetles
  4 catoblepae
  4 satyrs (Shoals:4)
  An ogre mage (D:15)
  12 centaur warriors
  14 naga warriors
  7 anacondas
  3 tengu warriors
  3 merfolk aquamancers
  7 two-headed ogres
  13 death yaks
  A vampire mage (D:15)
  Urug (Orc:2)
  An orc high priest (Orc:2)
  10 shock serpents
  A hell knight (Vaults:3)
  18 naga sharpshooters
  A fire crab (Gauntlet)
  Nergalle (Lair:3)
  A skeletal warrior (D:14)
  The ghost of liarliar the Sneak, a novice DjVM of Hepliaklqana (D:10)
  3 salamander mystics (Snake:4)
  A glowing orange brain (Vaults:2)
  A goliath frog (Lair:5)
  8 sea snakes
  23 deep trolls
  A swamp dragon (shapeshifter) (D:13)
  3 necromancers
  2 wizards
  9 lindwurms
  6 naga ritualists
  18 harpies
  8 ironbound convokers
  9 mana vipers
  A frost giant zombie (D:15)
  11 cyclopes
  4 orc knights (Orc:2)
  4 orc sorcerers (Orc:2)
  A fire giant zombie (Vaults:1)
  An oklob plant (Gauntlet)
  9 manticores
  4 salamanders
  16 fauns
  21 ugly things
  A stone giant skeleton (D:15)
  10 merfolk sirens
  33 black mambas
  8 guardian serpents
  8 naga magi
  4 water nymphs
  10 vault sentinels
  An orange demon (D:10)
  Maggie (D:6)
  2 gargoyles
  28 cane toads
  An unseen horror (D:11)
  20 yaktaurs
  9 komodo dragons
  3 rime drakes (Lair:5)
  4 freezing wraiths (D:15)
  The ghost of pokeman the Thaumaturge, a novice DEHW (D:5)
  A human skeleton (Vaults:1)
  A guardian mummy (D:14)
  The ghost of LnG the Sneak, a novice KoSu (D:3)
  5 large abominations (D:12)
  5 trolls
  24 merfolk
  3 hornets
  6 wind drakes
  2 polar bears
  The ghost of Lobster4 the Shooter, an amateur HuHu (D:3)
  25 slime creatures
  10 snapping turtles
  3 tyrant leeches (Lair:5)
  Grinder (D:5)
  4 dream sheep
  A raiju (D:10)
  A spriggan zombie (D:15)
  22 blink frogs
  8 small abominations
  3 shadows (D:10)
  57 yaks
  2 fire bats (Gauntlet)
  7 wraiths
  5 fire elementals
  15 water elementals
  6 wyverns
  6 basilisks
  2 redbacks (Vaults:2)
  7 vampire mosquitoes
  2 steam dragons (D:7)
  Menkaure (D:7)
  The ghost of tinescath the Insei, an amateur OpTm (D:3)
  4 wargs
  Edmund (D:6)
  27 nagas
  An ogre zombie (Vaults:1)
  5 hell hounds
  3 acid dragons
  Duvessa (D:6)
  A meliai simulacrum (D:14)
  5 black bears
  16 water moccasins
  2 sky beasts
  23 orc warriors
  An ice beast (D:5)
  6 ogres
  7 boggarts (Vaults:2)
  20 centaurs
  28 wolves
  A phantom (D:5)
  5 kobold brigands
  Blork the orc (Orc:2)
  18 bullfrogs
  A gnoll sergeant (D:13)
  3 scorpions (D:5)
  7 wights (D:7)
  Dowan (D:6)
  The ghost of gamesnag the Chopper, a weakling MiBe of Trog (D:3)
  14 killer bees
  The ghost of kd29 the Insei, a weakling DgTm (D:3)
  A human simulacrum (Vaults:1)
  3 howler monkeys
  8 electric eels
  A crimson imp (D:7)
  4 jellies
  A gnoll bouda (D:3)
  9 orc priests
  4 hounds
  Crazy Yiuf (D:6)
  6 iguanas
  23 orc wizards
  8 gnolls
  8 adders
  2 shadow imps (D:7)
  2 white imps
  2 ufetubi (D:5)
  69 orcs
  3 ball pythons
  6 endoplasms
  3 giant cockroaches
  15 goblins
  3 hobgoblins
  5 jackals
  7 bats
  4 frilled lizards
  24 kobolds
  4 rats
  A spectral goblin (D:1)
  A lurking horror (D:10)
  3 tentacles (Shoals:3)
1193 creatures vanquished.

Vanquished Creatures (collateral kills)
  Gastronok (D:12)
  A vault warden (Vaults:2)
  3 ironbound preservers
  5 death yaks
  3 deep trolls (Vaults:1)
  A lindwurm (Vaults:2)
  2 harpies (Vaults:2)
  2 vault sentinels
  2 yaktaurs (Vaults:2)
  A merfolk (Shoals:4)
  An orc warrior (Orc:2)
22 creatures vanquished.

Vanquished Creatures (others)
  A merfolk impaler (Shoals:2)
  A deep troll (Vaults:1)
  An ugly thing (D:14)
  A merfolk (Shoals:4)
  2 orc wizards (Orc:2)
  32 fungi
  336 plants
  A tentacle (Shoals:3)
  17 withered plants (D:15)
392 creatures vanquished.

Grand Total: 1607 creatures vanquished

Table legend: (Time is in decaauts)
 A = Elapsed time spent in this place.
 B = Non-inter-level travel time spent in this place.
 C = Inter-level travel time spent in this place.
 D = Time resting spent in this place.
 E = Time spent auto-exploring this place.
 F = Levels seen in this place.
 G = Mean time per level.
                   A        B        C        D        E       F      G
               +--------+--------+--------+--------+--------+-----+--------+
         Total |  45208 |  41740 |   3468 |   9245 |  23201 |  34 | 1329.6 |
       Dungeon |  19961 |  18359 |   1602 |   3361 |  11099 |  15 | 1330.7 |
          Lair |   9628 |   8765 |    863 |   2390 |   4645 |   5 | 1925.6 |
        Shoals |   3683 |   3446 |    237 |    561 |   1822 |   4 |  920.8 |
     Snake Pit |   5623 |   5209 |    414 |   1735 |   2318 |   4 | 1405.8 |
  Orcish Mines |   2134 |   1984 |    150 |    309 |   1225 |   2 | 1067.0 |
        Vaults |   3192 |   2992 |    200 |    232 |   1956 |   3 | 1064.0 |
      Gauntlet |    983 |    983 |      0 |    657 |    135 |   1 |  983.0 |
               +--------+--------+--------+--------+--------+-----+--------+

Top non-repeatable levels by time:
  Lair:4: 2691 daAuts
     D:6: 2569 daAuts
    D:15: 2286 daAuts
  Lair:2: 2103 daAuts
  Lair:1: 2101 daAuts
    D:11: 2091 daAuts
  Lair:5: 1766 daAuts
     D:8: 1687 daAuts
 Snake:4: 1649 daAuts
   Orc:2: 1588 daAuts
Vaults:1: 1580 daAuts
     D:9: 1521 daAuts
Vaults:2: 1487 daAuts
 Snake:3: 1465 daAuts
 Snake:2: 1371 daAuts

Table legend:
 A = Non-vault XP
 B = Vault XP
 C = Vault XP percentage of total XP
 D = Non-vault monster count
 E = Vault monster count
 F = Vault count percentage of total count
                 A         B        C        D         E       F
            +---------+---------+-------+---------+---------+-------
      Total |  255596 |  208670 |  44.9 |     814 |     401 |  33.0
            +---------+---------+-------+---------+---------+-------
        D:1 |      18 |       1 |   5.3 |      12 |       1 |   7.7
        D:2 |      99 |       0 |   0.0 |      14 |       0 |   0.0
        D:3 |     179 |     896 |  83.3 |      17 |       8 |  32.0
        D:4 |     159 |      11 |   6.5 |      14 |       6 |  30.0
        D:5 |     516 |    1220 |  70.3 |      10 |       6 |  37.5
        D:6 |     859 |     828 |  49.1 |      23 |       5 |  17.9
        D:7 |    1593 |     220 |  12.1 |      28 |       2 |   6.7
        D:8 |    2383 |       0 |   0.0 |      24 |       0 |   0.0
        D:9 |    1419 |    1407 |  49.8 |      35 |       5 |  12.5
       D:10 |    1252 |    4451 |  78.0 |      17 |      13 |  43.3
       D:11 |    3247 |    1955 |  37.6 |      21 |       7 |  25.0
       D:12 |    5859 |    4570 |  43.8 |      20 |      15 |  42.9
       D:13 |    7624 |    4323 |  36.2 |      24 |       4 |  14.3
       D:14 |    8154 |    1598 |  16.4 |      23 |       3 |  11.5
       D:15 |   19949 |    5108 |  20.4 |      34 |       7 |  17.1
     Lair:1 |    7627 |    3593 |  32.0 |      35 |       8 |  18.6
     Lair:2 |    5525 |     163 |   2.9 |      23 |       1 |   4.2
     Lair:3 |   13105 |     763 |   5.5 |      25 |       1 |   3.8
     Lair:4 |    5521 |    9528 |  63.3 |      24 |      28 |  53.8
     Lair:5 |   10673 |   11638 |  52.2 |      46 |      42 |  47.7
   Shoals:1 |    9454 |    1786 |  15.9 |      18 |       1 |   5.3
   Shoals:2 |   16167 |    5616 |  25.8 |      36 |       6 |  14.3
   Shoals:3 |   11019 |     707 |   6.0 |      25 |       2 |   7.4
   Shoals:4 |   14753 |   19198 |  56.5 |      31 |      31 |  50.0
    Snake:1 |   10887 |     605 |   5.3 |      21 |       2 |   8.7
    Snake:2 |    9654 |    9277 |  49.0 |      17 |      16 |  48.5
    Snake:3 |   18228 |    2506 |  12.1 |      38 |       2 |   5.0
    Snake:4 |    7001 |   39793 |  85.0 |      11 |      49 |  81.7
      Orc:1 |    1017 |       0 |   0.0 |       6 |       0 |   0.0
      Orc:2 |    3820 |   13249 |  77.6 |      47 |      46 |  49.5
   Vaults:1 |   23266 |   37077 |  61.4 |      36 |      51 |  58.6
   Vaults:2 |   29309 |   18670 |  38.9 |      50 |      21 |  29.6
   Vaults:3 |    5260 |    3239 |  38.1 |       9 |       3 |  25.0
   Gauntlet |       0 |    4674 | 100.0 |       0 |       9 | 100.0
            +---------+---------+-------+---------+---------+-------
